 Dungeon Crawl Stone Soup version 0.17-a0-1387-g00d4e61 (webtiles) character file.

137 Letchik the Shield-Bearer (level 5, 40/41 HPs)
             Began as a Formicid Fighter on Jan 30, 2015.
             Quit the game on level 3 of the Dungeon on June 16, 2015.
             The game lasted 00:17:00 (2813 turns).

Letchik the Shield-Bearer (Formicid Fighter)        Turns: 2813, Time: 00:17:00

Health: 40/41      AC: 10    Str: 21    XL:     5   Next: 44%
Magic:  5/5        EV:  6    Int:  8    God:
Gold:   92         SH:  9    Dex: 10    Spells: 0 memorised, 4 levels left

rFire  . . .     SeeInvis +     a - +0 flail
rCold  . . .     Clarity  .     t - +0 chain mail
rNeg   . . .     SustAt   .     c - +0 shield
rPois  .         Gourm    .     (helmet unavailable)
rElec  .         Spirit   .     (no cloak)
rCorr  .         Warding  .     q - +0 pair of gloves
rMut   .         Stasis   +     (no boots)
MR     .....                    (no amulet)
Stlth  ..........               (no ring)
                                (no ring)

@: not resistant to hostile enchantments, extremely unstealthy
A: permanent stasis, dig shafts and tunnels, four strong arms, antennae 3
a: Dig, Shaft Self


You were on level 3 of the Dungeon.
You were hungry.

You visited 1 branch of the dungeon, and saw 3 of its levels.

You collected 92 gold pieces.

Inventory:

Hand weapons
 a - a +0 flail (weapon)
Missiles
 i - 61 stones (quivered)
Armour
 c - a +0 shield (worn)
 q - a +0 pair of gloves (worn)
 t - a +0 chain mail (worn)
Scrolls
 k - 4 scrolls of identify {unknown}
 l - a scroll of recharging {unknown}
 m - 2 scrolls of remove curse {unknown}
 o - a scroll of random uselessness {unknown}
 p - a scroll of magic mapping {unknown}
 r - a scroll of noise {unknown}
 u - a scroll of immolation {unknown}
 v - a scroll of enchant weapon {unknown}
Potions
 b - a potion of restore abilities
 e - a potion of might
 f - 2 potions of agility {unknown}
 h - a potion of cure mutation {unknown}
 n - a potion of mutation {unknown}
 s - a potion of magic {unknown}
Books
 j - a book of Frost

   Spells                             Type                      Level
   a - Freeze                         Ice                          1
   b - Throw Frost                    Conjuration/Ice              2
   c - Ozocubu's Armour               Charms/Ice                   3
   d - Throw Icicle                   Conjuration/Ice              4
   e - Summon Ice Beast               Ice/Summoning                4
   f - Condensation Shield            Ice                          4
Comestibles
 d - 3 bread rations
 g - a slice of pizza


   Skills:
 - Level 3.2 Fighting
 + Level 4.4 Maces & Flails
 - Level 3.4 Armour
 + Level 4.7 Shields


You had 4 spell levels left.
You didn't know any spells.

Dungeon Overview and Level Annotations

Branches:
Dungeon (3/15)

Altars:
Fedhas


Innate Abilities, Weirdness & Mutations

You are under a permanent stasis effect.
You can dig through walls and to a lower floor.
Your four strong arms can wield two-handed weapons with a shield.
You have a pair of large antennae on your head (SInv).


Message History

You miss the bat.
The bat is heavily wounded.
The bat hits you.
You closely miss the bat.
The bat is heavily wounded.
The bat closely misses you.
Throwing (i - inventory):
i - 62 stones (quivered)
Press: ? - help, Shift-Dir - straight line, f/p - bat
Aim: a bat (heavily wounded)
You throw a stone. The stone hits the bat.
You kill the bat!
Welcome back, Letchik the Formicid Fighter.
Press ? for a list of commands and other information.
Drink which item? (? for menu, Esc to quit)
Okay, then.
Quiver which item? (- for none, * to show all) (? for menu, Esc to quit)
Okay, then.
Are you sure you want to abandon this character and quit the game? (Confirm with "yes".)
Okay, then.
Are you sure you want to abandon this character and quit the game? (Confirm with "yes".)

#.# ...#### ####...... . #...?
...###.. #!..# #...#....
#...###...(.... #...#........# #
# #.@......)...#.# ##
#...........#..# .#####
#..(.###..<...# .)...###
#....####.....# .###...###
#...###.#.##..##### .........##
#...##....#.......# #####.....#
##..##.#..#.......#
#......#####..###.#..#.......#
####.(.............#.#....(.....#


There were no monsters in sight!

Vanquished Creatures
  2 gnolls (D:3)
  3 adders
  3 giant geckos
  7 orcs (D:3)
  2 giant cockroaches
  12 goblins
  8 hobgoblins
  10 jackals (D:3)
  7 kobolds
  2 oozes
  A quokka (D:2)
  A ball python (D:3)
  9 bats
  2 giant newts
  8 rats
77 creatures vanquished.

Notes
Turn   | Place    | Note
--------------------------------------------------------------
     0 | D:1      | Letchik, the Formicid Fighter, began the quest for the Orb.
     0 | D:1      | Reached XP level 1. HP: 18/18 MP: 1/1
   205 | D:1      | Reached XP level 2. HP: 24/24 MP: 3/3
   824 | D:2      | Found a blossoming altar of Fedhas.
   833 | D:2      | Reached XP level 3. HP: 12/29 MP: 4/4
  1500 | D:2      | Reached XP level 4. HP: 31/35 MP: 5/5
  1879 | D:3      | Reached skill level 4 in Maces & Flails
  2319 | D:3      | Reached XP level 5. HP: 33/41 MP: 7/7
  2813 | D:3      | Upgraded the game from 0.16-a0-3841-g2612308 to 0.17-a0-1387-g00d4e61
  2813 | D:3      | Quit the game

Vault maps used:
D:1:      saegor_arrival_simple_e
D:2:      overflow_temple_1_default, grunt_ministairs_15
D:3:      first_bread

Action                   |  1- 3 |  4- 6 || total
-------------------------+-------+-------++-------
Melee: Flail             |   120 |   183 ||   303
Throw: Stone             |       |    32 ||    32
  Eat: Chunk             |     2 |     4 ||     6
